 Dungeon Crawl Stone Soup version 0.22.1-2-g9c5b331 (webtiles) character file.

42451 havocjr2 the Blocker (level 14, -4/166 HPs)
             Began as a Gnoll Fighter on Dec 14, 2018.
             Was an Elder of Vehumet.
             Slain by a death yak (5 damage)
             ... on level 6 of the Lair of Beasts on Dec 15, 2018.
             The game lasted 03:44:35 (24174 turns).

havocjr2 the Blocker (Gnoll Fighter)               Turns: 24174, Time: 03:44:36

Health: -4/166     AC: 30    Str: 26    XL:     14   Next: 19%
Magic:  26/26      EV:  2    Int: 11    God:    Vehumet [****..]
Gold:   1205       SH:  3    Dex: 18    Spells: 14/30 levels left

rFire    . . .     SeeInvis .   U - +0 triple sword (flame)
rCold    . . .     Gourm    .   (shield currently unavailable)
rNeg     + + +     Faith    .   (armour currently unavailable)
rPois    +         Spirit   .   (helmet currently unavailable)
rElec    .         Reflect  +   (cloak currently unavailable)
rCorr    .         Harm     .   (gloves currently unavailable)
MR       +....     NoTele   +   (boots currently unavailable)
Stlth    ++++......             m - +3 amulet of reflection
HPRegen  0.37/turn              Y - +4 ring of strength
MPRegen  0.20/turn              b - +3 ring of protection

@: lethally poisoned (-4 -> -13), tree-form, studying Ice Magic
A: distributed training, repulsion field 1, agile 1, evolution 1, strong nose
a: Renounce Religion


You were on level 6 of the Lair of Beasts.
You worshipped Vehumet.
Vehumet was greatly pleased with you.
You were not hungry.
You were a tree.
You visited 3 branches of the dungeon, and saw 19 of its levels.
You also visited: Ice Cave and Volcano.

You collected 1277 gold pieces.
You spent 72 gold pieces at shops.

Inventory:

Hand Weapons
 l - the +7 arbalest "Jievaan" {penet, +Blink rPois MR- Stlth+}
   (You found it on level 2 of the Lair of Beasts)

   Ammo fired by it will pass through the targets it hits, potentially hitting
   all targets in its path until it reaches maximum range.
   It protects you from poison.
   It affects your resistance to hostile enchantments.
   It lets you blink.
   It makes you more stealthy.
 U - a +0 triple sword of flaming (weapon)
Missiles
 s - 25 bolts
 K - 5 javelins (quivered)
 O - 3 tomahawks
Armour
 j - a +1 cloak of invisibility (melded)
 u - the +1 ring mail of Liberty (melded) {rPois rC+}
   (You found it on level 11 of the Dungeon)

   It protects you from cold.
   It protects you from poison.
 B - a +2 pair of gloves (melded)
 F - a +0 pair of boots (melded)
 N - the +1 helmet of Dyspraxia (melded) {Dex+4}
   (You found it on level 8 of the Dungeon)

   It affects your dexterity (+4).
 Q - +0 fire dragon scales
Magical Staves
 g - an uncursed staff of fire
 r - an uncursed staff of cold
 y - an uncursed staff of wizardry
Jewellery
 b - a +3 ring of protection (right branch)
 i - an uncursed amulet of the acrobat
 m - a +3 amulet of reflection (around neck)
 G - a +2 ring of evasion {unknown}
 I - an uncursed ring of wizardry
 Y - a +4 ring of strength (left branch)
Wands
 k - a wand of polymorph (23)
 p - a wand of enslavement (10)
 t - a wand of iceblast (18)
 x - a wand of paralysis (8)
 L - a wand of digging (6)
 M - a wand of disintegration (12)
 S - a wand of clouds (2)
 X - a wand of flame (33)
Scrolls
 a - 2 scrolls of blinking
 e - a scroll of magic mapping
 z - 2 scrolls of fog
 C - a scroll of remove curse
 E - 3 scrolls of identify
 H - 5 scrolls of teleportation
 J - a scroll of summoning
 W - a scroll of fear
Potions
 c - 2 potions of might
 h - 2 potions of haste
 n - a potion of invisibility
 q - 2 potions of flight
 v - a potion of berserk rage
 A - a potion of resistance
 D - a potion of cancellation {unknown}
 P - a potion of agility
 R - a potion of curing
 T - a potion of magic
 V - 2 potions of brilliance
Books
 d - a manual of Ice Magic
 o - a manual of Ice Magic
Miscellaneous
 w - a lamp of fire
Comestibles
 f - 43 rations


   Skills:
 + Level 10.9 Fighting
 + Level 8.9 Short Blades
 + Level 10.0 Long Blades
 + Level 8.9 Axes
 + Level 8.9 Maces & Flails
 + Level 8.9 Polearms
 + Level 8.9 Staves
 + Level 8.9 Slings
 + Level 8.9 Bows
 + Level 8.9 Crossbows
 + Level 8.9 Throwing
 + Level 10.9 Armour
 + Level 8.9 Dodging
 + Level 8.9 Stealth
 + Level 10.9 Shields
 + Level 8.9 Unarmed Combat
 + Level 8.9 Spellcasting
 + Level 7.4 Conjurations
 + Level 7.4 Hexes
 + Level 7.4 Charms
 + Level 7.4 Summonings
 + Level 7.4 Necromancy
 + Level 7.4 Translocations
 + Level 7.4 Transmutations
 + Level 7.4 Fire Magic
 + Level 8.0 Ice Magic
 + Level 7.4 Air Magic
 + Level 7.4 Earth Magic
 + Level 7.4 Poison Magic
 + Level 9.6 Invocations
 + Level 8.9 Evocations


You had 14 spell levels left.
You knew the following spells:

 Your Spells              Type           Power        Failure   Level  Hunger
a - Shock                 Conj/Air       ###.         1%          1    None
b - Searing Ray           Conj           ###...       1%          2    #......
c - Conjure Flame         Conj/Fire      ###.....     1%          3    ##.....
d - Olgreb's Toxic Radia  Pois           ###.....     1%          4    ####...
e - Freezing Cloud        Conj/Ice/Air   ###.......   24%         6    #######
Your spell library was empty.

Dungeon Overview and Level Annotations

Branches:
Dungeon (12/15)            Temple (1/1) D:6            Lair (6/6) D:8
 Shoals (0/4) Lair:3       Spider (0/4) Lair:2
  Slime: Lair:5-6       Orc: D:9-12

Altars:
Ashenzari
Cheibriados
Dithmenos
Elyvilon
Fedhas
Gozag
Hepliaklqana
Kikubaaqudgha
Makhleb
Nemelex Xobeh
Okawaru
Qazlal
Ru
Sif Muna
Trog
Uskayaw
Vehumet
Wu Jian
Xom
Yredelemnul
Zin
The Shining One

Shops:
D:5 ?[}

Annotations:
D:7 3 runed doors, ThisFiasco's ghost, novice DsBe
D:11 Grum
Lair:2 exclusion: oklob plant
Lair:4 exclusion: 2 oklob plants


Innate Abilities, Weirdness & Mutations

Your experience applies equally to all skills.
((You have very sharp teeth.))
Your uncanny sense of smell can sniff out nearby items.
You are surrounded by a mild repulsion field. (EV +2)
You are agile. (Dex +2)
((Armour fits poorly on your strangely shaped body.))
You evolve.


Message History

* * * LOW HITPOINT WARNING * * *
You block the spiny frog's attack. The death yak barely misses you.
The death yak misses you. The spiny frog completely misses you.
The death yak gores you!
* * * LOW HITPOINT WARNING * * *
You turn into a tree.
Your +1 cloak of invisibility melds into your body.
The +1 helmet of Dyspraxia {Dex+4} melds into your body.
Your +2 pair of gloves melds into your body.
Your +0 pair of boots melds into your body.
The +1 ring mail of Liberty {rPois rC+} melds into your body.
Your roots penetrate the ground.
* * * LOW HITPOINT WARNING * * *
You feel sick.
The spiny frog stings you but does no damage.
The death yak gores you.
* * * LOW HITPOINT WARNING * * *
The death yak gores you but does no damage.
The death yak gores you.
You die...

... ............P#
... ..........<.P#
.... ###.#...#..P#
..... ###.##.##...#
.....##......#....#
.......#......+..##
... #.......##..#
.....##F.....##..#
.....FY♣Y...##...#
.....lY#.P###
....l##Y### .....
.. .... ... (.. ...
...


You could see 3 death yaks, a komodo dragon, 2 spiny frogs and a wyvern.

Vanquished Creatures
  Gastronok (Lair:2)
  The ghost of emiel the Grappler, a journeyman TrFi of Cheibriados (Lair:5)
  Erolcha (D:10)
  2 hydras
  A death knight (D:11)
  A centaur warrior (D:9)
  2 two-headed ogres
  A dancing weapon (Volcano)
  A death yak (Lair:6)
  Urug (Lair:1)
  Nergalle (D:11)
  A spectral death yak (Lair:5)
  2 wizards (Volcano)
  A necromancer (IceCv)
  2 wolf spiders (Lair:2)
  An oklob plant (Lair:2)
  A cyclops (D:10)
  A black mamba (Lair:4)
  Maurice (D:9)
  Joseph (Lair:1)
  Psyche (D:11)
  2 toenail golems (Volcano)
  4 spiny frogs
  10 freezing wraiths (IceCv)
  A rime drake (Lair:3)
  6 komodo dragons
  A tengu conjurer (D:11)
  A queen bee (Lair:1)
  A polar bear (Lair:4)
  A troll (D:11)
  2 jumping spiders (Lair:2)
  Grinder (D:6)
  17 blink frogs
  6 hippogriffs
  A water elemental (D:11)
  A shadow (D:11)
  2 wyverns
  A human (D:7)
  2 basilisks
  A hungry ghost (D:11)
  29 yaks
  2 hogs (D:7)
  Menkaure (D:6)
  2 hydra simulacra (Lair:5)
  5 water moccasins
  2 acid dragons (D:11)
  2 hell hounds (Lair:4)
  8 porcupines
  6 orc warriors
  11 ice beasts
  2 phantoms
  An alligator simulacrum (IceCv)
  2 necrophages
  3 ogres
  6 centaurs
  5 wolves
  4 crocodiles
  A big kobold (D:8)
  Blork the orc (D:6)
  14 bullfrogs
  A wyvern zombie (D:11)
  5 scorpions
  27 killer bees
  4 electric eels
  3 wights (D:9)
  A howler monkey (D:11)
  6 crimson imps
  2 centaur zombies
  4 bullfrog zombies
  5 draconian simulacra (IceCv)
  3 hounds
  2 orc priests (D:8)
  3 centaur skeletons
  5 jellies
  13 orc wizards
  Terence (D:2)
  Ijyb (D:3)
  6 worker ants
  2 iguanas (D:11)
  5 troll simulacra (IceCv)
  A spriggan simulacrum (IceCv)
  A polar bear simulacrum (IceCv)
  2 wolf simulacra (IceCv)
  A centaur simulacrum (IceCv)
  A worker ant zombie (D:7)
  Robin (D:3)
  A howler monkey zombie (D:11)
  11 gnolls
  9 adders
  3 naga simulacra (IceCv)
  5 ogre simulacra (IceCv)
  4 shadow imps
  12 white imps (IceCv)
  An adder skeleton (D:7)
  3 adder zombies
  3 worms
  A dart slug (D:3)
  3 leopard geckos
  39 orcs
  A ball python (D:3)
  2 bat zombies (D:3)
  2 giant cockroaches
  22 goblins
  15 hobgoblins
  6 jackals
  4 quokkas
  4 bats
  4 frilled lizards
  16 kobolds
  2 quokka skeletons (D:4)
  8 rats
  A butterfly (Lair:3)
  A fungus (Lair:4)
  5 plants
487 creatures vanquished.

Vanquished Creatures (others)
  A centaur (Lair:3)
  4 plants
5 creatures vanquished.

Grand Total: 492 creatures vanquished

Notes
Turn   | Place    | Note
-------+----------+-------------------------------------------
     0 | D:1      | havocjr2 the Gnoll Fighter began the quest for the Orb.
     0 | D:1      | Reached XP level 1. HP: 23/23 MP: 1/1
   152 | D:1      | Reached XP level 2. HP: 29/29 MP: 2/2
   534 | D:1      | Reached XP level 3. HP: 35/35 MP: 3/3
   819 | D:2      | Reached skill level 1 in Invocations
  1237 | D:2      | Noticed Terence
  1248 | D:2      | Killed Terence
  1248 | D:2      | Reached skill level 1 in Short Blades
  1248 | D:2      | Reached skill level 1 in Axes
  1248 | D:2      | Reached skill level 1 in Maces & Flails
  1248 | D:2      | Reached skill level 1 in Polearms
  1248 | D:2      | Reached skill level 1 in Staves
  1248 | D:2      | Reached skill level 1 in Slings
  1248 | D:2      | Reached skill level 1 in Bows
  1248 | D:2      | Reached skill level 1 in Crossbows
  1248 | D:2      | Reached skill level 1 in Throwing
  1248 | D:2      | Reached skill level 1 in Dodging
  1248 | D:2      | Reached skill level 1 in Stealth
  1248 | D:2      | Reached skill level 1 in Unarmed Combat
  1248 | D:2      | Reached skill level 1 in Spellcasting
  1248 | D:2      | Reached skill level 1 in Evocations
  1248 | D:2      | Reached XP level 4. HP: 41/41 MP: 5/5
  1440 | D:2      | Reached skill level 1 in Conjurations
  1440 | D:2      | Reached skill level 1 in Hexes
  1440 | D:2      | Reached skill level 1 in Charms
  1440 | D:2      | Reached skill level 1 in Summonings
  1440 | D:2      | Reached skill level 1 in Necromancy
  1440 | D:2      | Reached skill level 1 in Translocations
  1440 | D:2      | Reached skill level 1 in Transmutations
  1440 | D:2      | Reached skill level 1 in Fire Magic
  1440 | D:2      | Reached skill level 1 in Ice Magic
  1440 | D:2      | Reached skill level 1 in Air Magic
  1440 | D:2      | Reached skill level 1 in Earth Magic
  1440 | D:2      | Reached skill level 1 in Poison Magic
  1488 | D:3      | Reached XP level 5. HP: 42/47 MP: 6/6
  1805 | D:3      | Noticed Ijyb
  1827 | D:3      | Killed Ijyb
  2011 | D:3      | Reached XP level 6. HP: 50/53 MP: 8/8
  2043 | D:3      | Noticed Robin
  2076 | D:3      | Killed Robin
  2376 | D:3      | You fall through a shaft for 2 floors!
  2376 | D:5      | Entered Level 5 of the Dungeon
  2452 | D:5      | Reached skill level 5 in Long Blades
  2483 | D:5      | Noticed an ice beast
  2546 | D:5      | Found Vegaal's Armour Shop.
  2586 | D:5      | Found Ywom's Magic Scroll Emporium.
  2608 | D:5      | Bought a scroll of remove curse for 36 gold pieces
  2648 | D:5      | Killed an ice beast
  2763 | D:5      | Reached XP level 7. HP: 50/59 MP: 10/10
  2992 | D:5      | Found an ornate altar of the Wu Jian Council.
  3030 | D:5      | Noticed a wyvern
  3043 | D:5      | Killed a wyvern
  3162 | D:5      | Found Hodyahat's Gadget Emporium.
  3772 | D:4      | Reached XP level 8. HP: 67/67 MP: 12/12
  3901 | D:4      | Got an encrusted dagger
  3902 | D:4      | Identified the +1 dagger "Giantslayer" {protect, rElec}
                  | (You found it on level 4 of the Dungeon)
  4084 | D:3      | Found an ancient bone altar of Kikubaaqudgha.
  4753 | D:6      | Noticed Blork the orc
  4765 | D:6      | Killed Blork the orc
  4813 | D:6      | Noticed Grinder
  4832 | D:6      | Paralysed by Grinder for 3 turns
  4836 | D:6      | Killed Grinder
  5141 | D:6      | Noticed Menkaure
  5151 | D:6      | Killed Menkaure
  5448 | D:6      | Reached XP level 9. HP: 72/72 MP: 14/14
  5625 | D:6      | Found a staircase to the Ecumenical Temple.
  5642 | Temple   | Entered the Ecumenical Temple
  5810 | Temple   | Became a worshipper of Vehumet
  6561 | D:7      | Reached * piety under Vehumet
  6561 | D:7      | Offered knowledge of Shock by Vehumet.
  6604 | D:7      | Learned a level 1 spell: Shock
  6741 | D:7      | Reached skill level 5 in Invocations
  6925 | D:7      | Found a runed gate.
  6933 | D:7      | Found a runed gate.
  6934 | D:7      | Found a runed gate.
  6936 | D:7      | Noticed ThisFiasco's ghost (novice DsBe)
  7167 | D:8      | Reached XP level 10. HP: 68/80 MP: 12/17
  7703 | D:8      | Got a polished helmet
  7714 | D:8      | Identified the +1 helmet of Dyspraxia {Dex+4} (You found it
                  | on level 8 of the Dungeon)
  7793 | D:8      | Offered knowledge of Searing Ray by Vehumet.
  7793 | D:8      | Reached skill level 5 in Short Blades
  7793 | D:8      | Reached skill level 5 in Axes
  7793 | D:8      | Reached skill level 5 in Maces & Flails
  7793 | D:8      | Reached skill level 5 in Polearms
  7793 | D:8      | Reached skill level 5 in Staves
  7793 | D:8      | Reached skill level 5 in Slings
  7793 | D:8      | Reached skill level 5 in Bows
  7793 | D:8      | Reached skill level 5 in Crossbows
  7793 | D:8      | Reached skill level 5 in Throwing
  7793 | D:8      | Reached skill level 5 in Dodging
  7793 | D:8      | Reached skill level 5 in Stealth
  7793 | D:8      | Reached skill level 5 in Unarmed Combat
  7793 | D:8      | Reached skill level 5 in Spellcasting
  7793 | D:8      | Reached skill level 5 in Evocations
  8207 | D:8      | Learned a level 2 spell: Searing Ray
  8208 | D:8      | Reached ** piety under Vehumet
  8325 | D:8      | Noticed a two-headed ogre
  8339 | D:8      | Killed a two-headed ogre
  8576 | D:8      | Found a staircase to the Lair.
  9541 | D:9      | Noticed a centaur warrior
  9558 | D:9      | Killed a centaur warrior
  9650 | D:9      | Reached XP level 11. HP: 87/87 MP: 16/19
  9680 | D:9      | Noticed Maurice
  9708 | D:9      | Killed Maurice
  9930 | D:5      | Bought a scroll of remove curse for 36 gold pieces
 10327 | D:10     | Entered Level 10 of the Dungeon
 10385 | D:10     | Noticed Erolcha
 10413 | D:10     | HP: 4/87 [Erolcha/bolt of cold (21)]
 10414 | D:10     | Killed Erolcha
 11101 | D:10     | Reached skill level 5 in Conjurations
 11101 | D:10     | Reached skill level 5 in Hexes
 11101 | D:10     | Reached skill level 5 in Charms
 11101 | D:10     | Reached skill level 5 in Summonings
 11101 | D:10     | Reached skill level 5 in Necromancy
 11101 | D:10     | Reached skill level 5 in Translocations
 11101 | D:10     | Reached skill level 5 in Transmutations
 11101 | D:10     | Reached skill level 5 in Fire Magic
 11101 | D:10     | Reached skill level 5 in Ice Magic
 11101 | D:10     | Reached skill level 5 in Air Magic
 11101 | D:10     | Reached skill level 5 in Earth Magic
 11101 | D:10     | Reached skill level 5 in Poison Magic
 11114 | D:10     | Noticed a two-headed ogre
 11133 | D:10     | Killed a two-headed ogre
 11598 | D:10     | Offered knowledge of Conjure Flame by Vehumet.
 11786 | D:10     | Noticed a cyclops
 11803 | D:10     | Killed a cyclops
 11911 | D:10     | Found a blossoming altar of Fedhas.
 11917 | D:10     | Learned a level 3 spell: Conjure Flame
 12169 | D:11     | Reached *** piety under Vehumet
 12322 | D:11     | Noticed a death knight
 12393 | D:11     | Killed a death knight
 12535 | D:11     | Offered knowledge of Olgreb's Toxic Radiance by Vehumet.
 12779 | D:11     | Learned a level 4 spell: Olgreb's Toxic Radiance
 12909 | D:11     | Got a faintly glowing ring mail
 12920 | D:11     | Identified the +1 ring mail of Liberty {rPois rC+} (You
                  | found it on level 11 of the Dungeon)
 12952 | D:11     | Noticed Psyche
 12962 | D:11     | Killed Psyche
 13580 | D:11     | Reached XP level 12. HP: 73/96 MP: 19/22
 13590 | D:11     | Noticed Grum
 14015 | D:11     | Noticed Nergalle
 14437 | D:11     | Killed Nergalle
 14953 | Lair:1   | Entered Level 1 of the Lair of Beasts
 15252 | Lair:1   | Noticed Urug
 15288 | Lair:1   | Killed Urug
 15383 | Lair:1   | Noticed Joseph
 15391 | Lair:1   | Killed Joseph
 15427 | Lair:1   | Noticed a six-headed hydra
 15469 | Lair:1   | Killed a six-headed hydra
 16297 | Lair:1   | Reached **** piety under Vehumet
 16339 | Lair:1   | Offered knowledge of Bolt of Draining by Vehumet.
 17064 | Lair:2   | Reached skill level 10 in Fighting
 17064 | Lair:2   | Reached skill level 10 in Armour
 17064 | Lair:2   | Reached skill level 10 in Shields
 17173 | Lair:2   | Noticed Gastronok
 17190 | Lair:2   | Killed Gastronok
 17226 | Lair:2   | Reached XP level 13. HP: 56/103 MP: 24/24
 17306 | Lair:2   | Found a frozen archway.
 17322 | IceCv    | Entered an ice cave
 17562 | IceCv    | Reached ***** piety under Vehumet
 17767 | IceCv    | Offered knowledge of Freezing Cloud by Vehumet.
 17776 | IceCv    | Learned a level 6 spell: Freezing Cloud
 18355 | IceCv    | Found an ancient bone altar of Kikubaaqudgha.
 19742 | Lair:2   | Found a hole to the Spider Nest.
 19985 | Lair:2   | Got a twisted arbalest
 20000 | Lair:2   | Identified the +7 arbalest "Jievaan" {penet, +Blink rPois
                  | MR- Stlth+} (You found it on level 2 of the Lair of Beasts)
 20691 | Lair:3   | Found a staircase to the Shoals.
 20729 | Lair:3   | Gained mutation: You have large cloven feet. [potion of
                  | mutation]
 20729 | Lair:3   | Gained mutation: Your spells are a little harder to cast,
                  | but a little more powerful. [potion of mutation]
 20729 | Lair:3   | Gained mutation: You are surrounded by a mild repulsion
                  | field. (EV +2) [potion of mutation]
 20730 | Lair:3   | Lost mutation: You have large cloven feet. [potion of
                  | mutation]
 20730 | Lair:3   | Lost mutation: Your spells are a little harder to cast, but
                  | a little more powerful. [potion of mutation]
 20730 | Lair:3   | Gained mutation: You are agile. (Dex +2) [potion of
                  | mutation]
 20730 | Lair:3   | Gained mutation: Armour fits poorly on your strangely
                  | shaped body. [potion of mutation]
 20730 | Lair:3   | Gained mutation: You evolve. [potion of mutation]
 20796 | Lair:3   | Got a dazzling hunting sling
 21422 | Lair:4   | Found a dark tunnel.
 21436 | Volcano  | Entered a volcano
 22193 | Lair:4   | Identified the cursed +2 hunting sling of the Vulture
                  | {velocity, MR+ Int+6 SInv Stlth+} (You found it on level 3
                  | of the Lair of Beasts)
 22655 | Lair:5   | Found a runed gate.
 22655 | Lair:5   | Found a runed gate.
 22655 | Lair:5   | Found a runed gate.
 22656 | Lair:5   | Noticed emiel's ghost (journeyman TrFi)
 22826 | Lair:4   | Reached XP level 14. HP: 68/111 MP: 26/26
 23695 | Lair:5   | Killed emiel's ghost
 23953 | Lair:5   | Reached skill level 10 in Long Blades
 24143 | Lair:6   | Entered Level 6 of the Lair of Beasts
 24173 | Lair:6   | HP: 2/111 [death yak (17)]
 24174 | Lair:6   | Slain by a death yak

Skill      XL: |  1  2  3  4  5  6  7  8  9 10 11 12 13 14 |
---------------+-------------------------------------------+-----
Invocations    | 1 2 3 4 5 6 7 8 9 |  9.6
Short Blades   | 1 2 3 4 5 6 7 8 |  8.9
Axes           | 1 2 3 4 5 6 7 8 |  8.9
Maces & Flails | 1 2 3 4 5 6 7 8 |  8.9
Polearms       | 1 2 3 4 5 6 7 8 |  8.9
Staves         | 1 2 3 4 5 6 7 8 |  8.9
Slings         | 1 2 3 4 5 6 7 8 |  8.9
Bows           | 1 2 3 4 5 6 7 8 |  8.9
Crossbows      | 1 2 3 4 5 6 7 8 |  8.9
Throwing       | 1 2 3 4 5 6 7 8 |  8.9
Dodging        | 1 2 3 4 5 6 7 8 |  8.9
Stealth        | 1 2 3 4 5 6 7 8 |  8.9
Unarmed Combat | 1 2 3 4 5 6 7 8 |  8.9
Spellcasting   | 1 2 3 4 5 6 7 8 |  8.9
Evocations     | 1 2 3 4 5 6 7 8 |  8.9
Conjurations   | 1 2 3 4 5 6 7 |  7.4
Hexes          | 1 2 3 4 5 6 7 |  7.4
Charms         | 1 2 3 4 5 6 7 |  7.4
Summonings     | 1 2 3 4 5 6 7 |  7.4
Necromancy     | 1 2 3 4 5 6 7 |  7.4
Translocations | 1 2 3 4 5 6 7 |  7.4
Transmutations | 1 2 3 4 5 6 7 |  7.4
Fire Magic     | 1 2 3 4 5 6 7 |  7.4
Ice Magic      | 1 2 3 4 5 6 7 8 |  8.0
Air Magic      | 1 2 3 4 5 6 7 |  7.4
Earth Magic    | 1 2 3 4 5 6 7 |  7.4
Poison Magic   | 1 2 3 4 5 6 7 |  7.4
Long Blades    | 5 6 7 8 9 10 | 10.0
Fighting       | 7 8 9 10 | 10.9
Armour         | 7 8 9 10 | 10.9
Shields        | 7 8 9 10 | 10.9

Action                   |  1- 3 |  4- 6 |  7- 9 | 10-12 | 13-15 || total
-------------------------+-------+-------+-------+-------+-------++-------
Melee: Long sword        |   103 |   225 |   420 |   673 |       ||  1421
       Bite              |    10 |    27 |    78 |   187 |   100 ||   402
       Short sword       |       |       |       |     7 |       ||     7
       Falchion          |       |       |       |   144 |   289 ||   433
       Hand axe          |       |       |       |    39 |       ||    39
       Staff             |       |       |       |     5 |    28 ||    33
       Flail             |       |       |       |     2 |       ||     2
       Triple sword      |       |       |       |       |    95 ||    95
       Punch             |       |       |       |       |     3 ||     3
 Fire: Hunting sling     |       |     4 |       |       |       ||     4
       Arbalest          |       |       |       |       |    81 ||    81
Throw: Stone             |     8 |     8 |    31 |    15 |       ||    62
       Tomahawk          |       |       |    21 |    76 |     9 ||   106
       Throwing net      |       |       |       |     1 |       ||     1
       Javelin           |       |       |       |    14 |    71 ||    85
 Cast: Shock             |       |       |    11 |   131 |     5 ||   147
       Searing Ray       |       |       |       |    20 |    13 ||    33
       Conjure Flame     |       |       |       |     2 |     4 ||     6
       Olgreb's Toxic Ra |       |       |       |    14 |     3 ||    17
       Freezing Cloud    |       |       |       |       |     3 ||     3
Evoke: Wand              |       |       |       |     3 |    10 ||    13
       Lamp of fire      |       |       |       |       |     1 ||     1
  Use: Scroll            |     4 |     1 |     3 |    23 |     8 ||    39
       Potion            |       |       |       |     7 |    17 ||    24
 Stab: Sleeping          |       |       |       |     2 |     1 ||     3
       Held in net/web   |       |       |       |     1 |       ||     1
       Paralysed         |       |       |       |     4 |       ||     4
  Eat: Chunk             |     1 |     6 |    10 |    27 |     8 ||    52
       Ration            |       |       |     1 |     4 |     6 ||    11
Armor: Scale mail        |     6 |       |       |       |       ||     6
       Chain mail        |    31 |   101 |   178 |   243 |       ||   553
       Ring mail         |       |       |       |    96 |   187 ||   283
       Skin              |       |       |       |       |     5 ||     5
Dodge: Dodged            |    25 |    51 |   122 |   491 |   368 ||  1057
Block: Shield            |    58 |   119 |   235 |   659 |   214 ||  1285
       Buckler           |       |       |       |       |    37 ||    37
       Other             |       |       |       |       |    21 ||    21
       Reflection        |       |       |       |       |     2 ||     2
       Rpst.: Long sword |     9 |    13 |    38 |    80 |       ||   140
       Falchion          |       |       |       |    27 |    45 ||    72
       Triple sword      |       |       |       |       |    33 ||    33
